Map: Lerilak Crest

Players

SCVKing

  • Race: Terran Terran
  • League: Diamond

LilDicky

  • Race: Terran Terran
  • League: Diamond

VOD

http://www.twitch.tv/tumescentpie

Description

Time

  • Played on: Jan. 5, 2016, 9:26 p.m.
  • Length: 14:34
Show
View Real Time Build Order
Export as new Build Order

SCVKing Terran 

Build Orders:  

Get SALT Encoding   

  12  0:01  SCV  
  13  0:13  SCV  
  14  0:17  Supply Depot  
  14  0:28  SCV  
  14  0:32  Refinery  
  15  0:41  Barracks  
  15  0:48  SCV  
  16  1:00  SCV  
  17  1:12  SCV  
  18  1:24  SCV  
  19  1:28  Reaper  
  19  1:29  Supply Depot  
  20  1:37  SCV  
  21  1:50  Orbital Command  
  21  1:54  Refinery  
  21  2:05  Marine  
  22  2:14  Factory  
  22  2:16  SCV  
  23  2:23  Marine  
  23  2:28  SCV  
  25  2:36  Command Center  
  25  2:41  SCV, Marine  
  27  2:53  SCV  
  28  2:59  Marine  
  28  3:00  Starport  
  28  3:02  Hellion  
  31  3:11  Supply Depot  
  31  3:24  Factory Tech Lab  
  31  3:32  SCV, Marine  
  32  3:41  Viking  
  32  3:44  SCV  
  32  3:45  Siege Tank  
  32  3:47  Supply Depot  
  32  3:48  Orbital Command  
  38  3:56  SCV  
  38  3:59  Engineering Bay  
  39  4:07  Marine  
  40  4:21  Command Center, Orbital Command  
  40  4:22  Starport Reactor  
  40  4:30  Terran Infantry Weapons Level 1  
  40  4:33  Missile Turret  
  40  4:35  Siege Tank  
  43  4:40  SCV  
  44  4:46  SCV  
  44  4:52  SCV  
  46  4:55  Supply Depot  
  46  4:58  SCV  
  47  5:01  Refinery  
  47  5:04  SCV  
  48  5:07  Barracks  
  48  5:14  Barracks Tech Lab  
  47  5:23  SCV x2  
  49  5:29  Viking x2  
  49  5:35  SCV x2  
  51  5:42  Marine  
  51  5:47  SCV x2  
  54  5:55  Orbital Command  
  54  5:59  Viking x2, Siege Tank  
  54  6:00  Marine  
  57  6:18  Marine  
  55  6:36  Orbital Command, Marine  
  54  6:44  Command Center  
  54  6:50  SCV  
  54  6:54  Viking, Marine  
  55  6:55  Engineering Bay  
  55  6:56  Armory, Barracks Reactor  
  58  7:02  SCV  
  59  7:08  Refinery  
  59  7:11  Marine  
  59  7:14  SCV  
  61  7:15  Supply Depot  
  61  7:26  SCV  
  62  7:30  Terran Infantry Armor Level 1  
  62  7:36  SCV  
  63  7:37  Marine x2  
  63  7:38  SCV, Viking  
  68  7:48  SCV  
  68  7:50  SCV  
  70  8:00  SCV  
  70  8:01  Viking  
  70  8:02  Marine  
  70  8:03  SCV  
  70  8:05  Barracks  
  75  8:13  Barracks x3  
  75  8:14  Orbital Command  
  75  8:15  SCV  
  75  8:16  SCV  
  77  8:24  Factory  
  77  8:29  Marine x2  
  77  8:34  Viking  
  81  8:37  SCV x2  
  83  8:43  Supply Depot x2  
  83  9:03  Siege Tank  
  84  9:13  Viking x2  
  84  9:14  Marine  
  84  9:15  Barracks Reactor  
  87  9:26  SCV x3  
  87  9:27  Marine x2  
  88  9:36  Siege Tank  
  87  9:38  SCV  
  87  9:43  Viking  
  88  9:53  Factory Tech Lab  
  88  9:55  Viking, Marine  
  88  9:56  Barracks Reactor  
  91  10:03  Refinery  
  91  10:08  Siege Tank  
  91  10:13  Viking  
  96  10:15  Missile Turret  
  96  10:25  Viking  
  96  10:26  Missile Turret x2  
  98  10:30  Refinery  
  98  10:32  Marine x3  
  98  10:33  Barracks Reactor x2, Marine x2  
  98  10:34  Siege Tank  
  106  10:36  Terran Vehicle Weapons Level 1  
  106  10:40  Siege Tank  
  109  10:54  SCV x2  
  92  11:13  Orbital Command  
  91  11:25  Siege Tank x2  
  96  11:26  Marine x5  
  96  11:28  Viking x2  
  96  11:29  SCV x2  
  96  11:30  Terran Infantry Weapons Level 2, Terran Infantry Armor Level 2  
  107  11:41  SCV  
  107  11:43  Marine  
  109  11:49  Supply Depot  
  109  11:51  Supply Depot x2  
  109  12:10  SCV, Siege Tank, Marine x4  
  109  12:12  SCV x2, Marine x4  
  123  12:17  Supply Depot  
  123  12:23  SCV  
  123  12:24  SCV  
  125  12:30  Combat Shields, Supply Depot, Marine x2  
  125  12:31  Supply Depot  
  125  12:32  Supply Depot  
  125  12:35  SCV x2  
  129  12:51  Marine x3  
  129  12:52  Command Center  
  131  13:08  Siege Tank x2  
  137  13:18  SCV x3  
  140  13:40  Siege Tank x2  
  143  14:02  Marine x3  
  140  14:03  Marine x4  
  144  14:11  Marine x4  
  144  14:15  SCV x3  
  159  14:19  Refinery  
Show
View Real Time Build Order
Export as new Build Order

LilDicky Terran 

Build Orders: Liberator Opening 

Get SALT Encoding   

  12  0:01  SCV  
  13  0:14  SCV  
  14  0:18  Supply Depot  
  14  0:26  SCV  
  15  0:39  SCV  
  15  0:42  Refinery  
  16  0:45  Barracks  
  16  0:51  SCV  
  17  1:05  SCV  
  18  1:18  SCV  
  19  1:22  Refinery  
  19  1:30  SCV  
  20  1:35  Marine  
  20  1:36  Supply Depot  
  21  1:43  Orbital Command  
  21  1:50  Factory  
  21  1:53  Marine  
  22  2:09  SCV  
  22  2:11  Marine  
  24  2:21  SCV  
  25  2:31  Supply Depot  
  25  2:36  Factory Tech Lab, Starport, Marine  
  26  2:51  SCV  
  26  2:57  Supply Depot, Marine  
  26  2:58  Liberator  
  27  3:04  Siege Tank  
  30  3:06  SCV  
  31  3:15  Marine  
  35  3:22  Supply Depot, SCV  
  36  3:35  SCV  
  37  3:43  Siege Tank  
  40  3:50  Engineering Bay  
  40  3:51  SCV  
  41  3:55  Marine  
  41  4:00  Viking  
  44  4:03  SCV  
  45  4:15  SCV  
  46  4:24  Missile Turret  
  46  4:25  Siege Tank  
  46  4:26  Supply Depot, Marine  
  46  4:27  SCV  
  51  4:39  SCV  
  51  4:44  Liberator  
  52  4:57  Marine  
  52  4:59  Siege Tank  
  60  5:07  SCV  
  60  5:09  Command Center  
  56  6:09  SCV  
  54  6:21  SCV  
  43  6:39  Siege Tank  
  44  6:43  Starport Reactor  
  44  6:45  SCV  
  45  6:49  Starport  
  45  6:50  Marine  
  45  6:52  Barracks  
  46  6:55  Refinery  
  46  6:58  SCV  
  46  7:00  Orbital Command  
  47  7:02  Refinery  
  47  7:10  SCV  
  47  7:14  Command Center  
  48  7:18  Sensor Tower  
  48  7:22  SCV, Marine  
  49  7:28  Sensor Tower  
  50  7:31  Starport Tech Lab  
  50  7:32  Viking  
  50  7:33  Viking  
  50  7:34  SCV, Siege Tank  
  58  7:40  Marine  
  59  7:48  SCV x2  
  61  8:00  SCV x2, Missile Turret  
  61  8:04  Missile Turret  
  63  8:07  Missile Turret  
  63  8:08  Cloaking Field  
  63  8:12  SCV x2, Banshee  
  68  8:24  SCV, Marine  
  70  8:27  Marine  
  70  8:30  Siege Tank  
  70  8:32  Viking  
  76  8:37  Orbital Command  
  76  8:55  Sensor Tower  
  72  8:57  Viking  
  72  8:58  Viking  
  72  9:02  Viking  
  68  9:28  Viking  
  67  9:51  Siege Tank  
  67  9:53  Viking x2  
  67  9:54  SCV  
  67  9:57  SCV x2  
  74  10:03  Command Center, Supply Depot, Refinery  
  74  10:04  Refinery  
  74  10:06  SCV  
  75  10:09  SCV x2  
  75  10:10  Banshee  
  80  10:14  Factory  
  80  10:16  Factory  
  80  10:18  SCV  
  81  10:21  SCV  
  82  10:35  SCV  
  82  10:36  SCV  
  82  10:37  Siege Tank  
  82  10:39  Marine x2  
  78  11:08  Banshee  
  78  11:09  Viking x2  
  76  11:12  Siege Tank  
  67  11:25  Factory Tech Lab x2  
  64  11:31  SCV, Ghost Academy  
  65  11:35  Supply Depot, Barracks Tech Lab  
  65  11:37  Supply Depot  
  65  11:39  SCV x2, Viking  
  69  11:43  Terran Infantry Weapons Level 1, SCV  
  69  11:46  Armory  
  69  11:47  Armory  
  70  11:49  Planetary Fortress, Liberator  
  70  11:56  Missile Turret  
  70  12:02  Siege Tank  
  70  12:03  Siege Tank x2  
  82  12:09  Ghost  
  82  12:15  SCV  
  83  12:35  Siege Tank x3  
  92  12:42  Missile Turret  
  92  12:43  Missile Turret  
  92  12:48  Sensor Tower  
  92  12:50  Missile Turret  
  92  12:51  Missile Turret  
  92  12:52  Missile Turret  
  92  13:03  Command Center  
  90  13:18  Siege Tank x3  
  97  13:35  Nuke  
  89  13:52  Siege Tank x2  
Tags
 
Add a new tag
Caveats
  • Supply blocks, unpowered buildings, or Contaminate may cause inaccurate times.
  • Supply counts are checked every 10 seconds.